AoeStats
← elitedurasteel

Coastal Forest

510611957Analyzed
2v2 RM · 13h ago on Oct 1, 2026· 33m 34s· 4 players
Game mode
Random Map
Map size
Medium (4 player)
Population
200
Speed
Normal
Resources
Standard
Victory
Conquest
Starting age
Dark Age
Ending age
Imperial Age
RankedLock teamsTeams togetherTeam positionsShared explorationLock speedFull tech treeHidden civsTurbo modeCheats
Victory
Defeat
🇩🇪 Berbers · Germany
1263
+14
🇩🇪 Britons · Germany
1262
+14
🇬🇧 Khmer · United Kingdom
1241
-15
🇺🇸 Varangians · United States
1203
-13
ShangDynasty11
10:58 Feudal Age
9:15 Loom
15:00 Castle Age
14:04 Scale Barding Armor
16:14 Forging
17:11 Wheelbarrow
16:29 Double-Bit Axe
17:12 Husbandry
17:23 Bloodlines
19:42 Iron Casting
21:24 Fletching
elitedurasteel
7:43 Feudal Age
8:22 Double-Bit Axe
11:16 Loom
13:14 Horse Collar
15:02 Fletching
22:26 Castle Age
20:32 Gold Mining
22:28 Crossbowman
23:24 Bodkin Arrow
25:13 Wheelbarrow
25:07 Ballistics
26:50 Padded Archer Armor
27:22 Husbandry
27:33 Bloodlines
28:11 Heavy Plow
32:14 Imperial Age
30:37 Gold Shaft Mining
31:48 Leather Archer Armor
32:19 Bow Saw
32:55 Bracer
34:39 Chemistry
Johnyxash
5:55 Loom
9:39 Feudal Age
10:10 Double-Bit Axe
13:27 Horse Collar
24:21 Castle Age
22:28 Fletching
25:14 Bodkin Arrow
28:21 Padded Archer Armor
29:38 Elite Skirmisher
32:38 Gold Mining
cordlaboe
7:08 Loom
9:27 Feudal Age
10:01 Double-Bit Axe
17:32 Fishing Lines
18:23 Horse Collar
22:11 Castle Age
20:59 Scale Barding Armor
22:03 Bloodlines
22:11 Gold Mining
24:03 Chain Barding Armor
23:54 Forging
24:12 Husbandry
29:51 Iron Casting
30:39 Wheelbarrow
31:40 Hand Cart
33:00 Stone Mining
34:35 Gold Shaft Mining
Connection lost

Rejoining the realm…

Still unreachable

The connection could not be restored.

Session expired

The server has moved on; the page needs a fresh start.